 Dungeon Crawl Stone Soup version 0.19.5 (webtiles) character file.

12 Truffles the Caller (level 2, -1/19 HPs)
             Began as a Human Summoner on Mar 23, 2017.
             Slain by an adder (3 damage)
             ... on level 2 of the Dungeon.
             The game lasted 00:07:32 (1405 turns).

Truffles the Caller (Human Summoner)                Turns: 1405, Time: 00:07:33

Health: -1/19      AC:  3    Str:  8    XL:     2   Next: 45%
Magic:  5/5        EV: 12    Int: 15    God:
Gold:   33         SH:  0    Dex: 13    Spells: 1 memorised, 4 levels left

rFire  . . .     SeeInvis .     c - +0 whip
rCold  . . .     Gourm    .     f - +0 leather armour
rNeg   . . .     Faith    .     (no shield)
rPois  .         Spirit   .     (no helmet)
rElec  .         Reflect  .     (no cloak)
rCorr  .         Harm     .     (no gloves)
MR     .....                    (no boots)
Stlth  ++........               (no amulet)
                                (no ring)
                                (no ring)

@: no status effects
A: no striking features
a: no special abilities


You were on level 2 of the Dungeon.
You were not hungry.

You visited 1 branch of the dungeon, and saw 2 of its levels.

You collected 33 gold pieces.

Inventory:

Hand Weapons
 c - a +0 whip (weapon)
Missiles
 d - 55 stones (quivered)
 e - 5 tomahawks
Armour
 a - a +0 robe
 f - a +0 leather armour (worn)
 l - a +0 robe
Scrolls
 g - a scroll of identify
 h - a scroll of enchant armour
Potions
 i - a potion of agility {unknown}
 k - a potion of degeneration {unknown}
 o - a potion of might {unknown}
 p - a potion of cancellation {unknown}
Books
 b - a book of Callings

   Spells                             Type                      Level
   a - Summon Small Mammal            Summoning                    1
   b - Call Imp                       Summoning                    2
   c - Call Canine Familiar           Summoning                    3
   d - Summon Guardian Golem          Hexes/Summoning              3
   e - Summon Lightning Spire         Summoning/Air                4
   f - Summon Ice Beast               Ice/Summoning                4
Comestibles
 j - 3 meat rations
 q - 3 fruits


   Skills:
 + Level 2.1 Dodging
 + Level 2.0 Stealth
 + Level 2.1 Spellcasting
 + Level 4.3 Summonings


You had 4 spell levels left.
You knew the following spells:

 Your Spells              Type           Power        Failure   Level  Hunger
a - Summon Small Mammal   Summ           ##..         8%          1    #......


Dungeon Overview and Level Annotations

Branches:
Dungeon (2/15)

Altars:


Message History

The bat closely misses you. The adder bites you but does no damage.
The bat hits you but does no damage. The adder bites you.
The bat hits you but does no damage. The bat hits you.
The bat barely misses you. The adder misses you. The bat hits you.
* * * LOW HITPOINT WARNING * * *
The bat closely misses you. The bat hits you but does no damage. x2
You closely miss the adder. The bat closely misses you.
The adder closely misses you. The adder bites you.
* * * LOW HITPOINT WARNING * * *
Your leather armour prevents you from hitting the adder.
The rat barely misses you. The adder misses you.
The bat hits you but does no damage.
You hit the adder.
The adder is heavily wounded.
The bat hits you.
* * * LOW HITPOINT WARNING * * *
The adder bites you.
You die...

.(..<...####.##### **,,,**,,*
#######..........#######..l,,,,,*
#*** ####..####.##(......[,,,,,*
.,,* #........#.####...,,***,
##,* #..#.......# **,,,,,,*,
#*,** #..#.##..### **,,,,,*,
#,,,* #..#..#..# *****,,, *,,,*
#.....bSr# *,,,,,, *,,,*
##.....@.# *,**,,, *,,,*
#.......#********,***,,
*,,,******####..[.....,,,**,* ***
,,,,,,,,,#####.#####...,,**,*
,,,,,,,,,,......#..,,...,**,*
,,,,,,,,,*#.....#.#*,,..,**,*****
*,,,*******.....#.##,,,.,**,,,,,,
*,,,*** ##.......,,***********,
,,,,,,* #..#*#.#*** *,


You could see an adder, a bat and a rat.

Vanquished Creatures
  2 goblins (D:1)
2 creatures vanquished.

Vanquished Creatures (collateral kills)
  A bat (D:1)
  A giant cockroach (D:1)
  2 goblins
  2 hobgoblins (D:1)
  4 kobolds (D:1)
  A frilled lizard (D:1)
  3 rats (D:1)
14 creatures vanquished.

Grand Total: 16 creatures vanquished

Notes
Turn   | Place    | Note
-------+----------+-------------------------------------------
     0 | D:1      | Truffles the Human Summoner began the quest for the Orb.
     0 | D:1      | Reached XP level 1. HP: 13/13 MP: 3/3
   470 | D:1      | Reached XP level 2. HP: 11/19 MP: 5/5
   652 | D:1      | You fall through a shaft!
  1405 | D:2      | Slain by an adder

Action                   || total
-------------------------++-------
Melee: Unarmed           ||    16
       Whip              ||     4
 Cast: Summon Small Mamm ||    40
  Use: Scroll            ||     4
  Eat: Bread ration      ||     1
Armor: Robe              ||     3
       Leather armour    ||    19
Dodge: Dodged            ||    64
